Map: Kairos Junction LE

Players

GOReynor (Reynor)

  • Race: Zerg Zerg
  • League: Master
  • Spawn Location: 5:00

llllllllllll (GuMiho) - Winner!

  • Race: Terran Terran
  • League: Master
  • Spawn Location: 11:00

Event: 2019 Assembly Summer

VOD

Have the link to the VOD?

Description

Time

  • Played on: Aug. 2, 2019, 12:35 p.m.
  • Length: 14:32

All games in this series

Show
View Real Time Build Order
Export as new Build Order

GOReynor Zerg 

Build Orders: Hatch First, Swarm Host 

Get SALT Encoding   

  12  0:00  Drone  
  13  0:12  Overlord  
  13  0:16  Drone  
  14  0:30  Drone x2  
  16  0:47  Hatchery  
  15  0:51  Drone  
  15  0:54  Drone  
  17  0:57  Drone  
  18  1:08  Extractor  
  17  1:13  Spawning Pool  
  17  1:16  Drone  
  17  1:21  Drone  
  18  1:27  Drone  
  19  1:38  Drone  
  20  1:56  Hatchery  
  20  2:00  Zergling x4  
  21  2:02  Queen  
  21  2:05  Drone  
  24  2:13  Queen  
  26  2:20  Overlord  
  26  2:22  Drone  
  27  2:26  Drone  
  28  2:38  Drone, Metabolic Boost  
  28  2:40  Drone x2  
  31  2:47  Queen  
  33  2:53  Overlord  
  33  2:56  Drone  
  34  2:58  Drone  
  34  3:01  Drone  
  36  3:10  Drone x2  
  36  3:12  Overlord  
  38  3:14  Drone  
  38  3:15  Drone  
  40  3:23  Queen  
  42  3:29  Drone, Pneumatized Carapace  
  42  3:30  Drone  
  42  3:31  Drone  
  42  3:32  Drone  
  47  3:34  Drone  
  47  3:36  Zergling x2  
  47  3:38  Zergling x2  
  49  3:43  Drone x2  
  51  3:48  Overlord  
  51  3:50  Zergling x2  
  51  3:53  Zergling x2  
  52  3:56  Zergling x2  
  52  3:57  Zergling x4  
  52  4:06  Drone x5  
  54  4:18  Drone x4  
  54  4:21  Drone  
  54  4:23  Queen  
  61  4:27  Drone x2  
  63  4:34  Zergling x4  
  63  4:37  Overlord  
  65  4:43  Overlord  
  65  4:45  Spore Crawler, Drone  
  65  4:49  Spore Crawler  
  65  4:50  Drone  
  65  4:53  Roach Warren  
  65  4:54  Drone  
  65  4:55  Drone  
  65  4:56  Overlord  
  65  4:57  Drone x4  
  70  5:00  Spore Crawler  
  70  5:02  Drone  
  70  5:03  Queen  
  70  5:04  Drone  
  74  5:07  Drone  
  74  5:11  Lair  
  74  5:12  Overlord, Extractor  
  74  5:14  Extractor  
  73  5:17  Drone  
  73  5:18  Drone x2  
  73  5:19  Drone x3  
  73  5:20  Drone  
  80  5:21  Drone  
  80  5:25  Overlord  
  81  5:35  Drone x2  
  83  5:37  Roach x3  
  83  5:39  Hatchery  
  88  5:45  Overlord  
  88  5:47  Extractor  
  88  5:48  Drone x5  
  92  5:50  Drone, Extractor  
  92  5:52  Evolution Chamber x2  
  92  5:53  Roach x2  
  92  5:56  Overlord  
  94  6:00  Extractor  
  94  6:01  Drone  
  94  6:02  Spore Crawler, Overlord  
  94  6:03  Drone x2  
  94  6:04  Drone  
  96  6:08  Drone  
  97  6:11  Glial Reconstitution  
  97  6:12  Overlord  
  97  6:16  Overseer  
  97  6:17  Overseer  
  97  6:24  Overlord  
  97  6:27  Roach x2  
  97  6:28  Roach  
  97  6:29  Drone  
  103  6:34  Drone x7  
  110  6:41  Overlord, Extractor x2  
  110  6:43  Drone  
  110  6:45  Roach x3  
  110  6:46  Infestation Pit  
  114  6:48  Overlord  
  114  6:49  Drone x5  
  114  6:52  Overlord  
  114  6:53  Zerg Missile Weapons Level 1  
  119  6:56  Zerg Ground Armor Level 1  
  119  6:59  Drone x2  
  119  7:15  Queen  
  119  7:16  Overlord  
  119  7:17  Queen  
  119  7:21  Swarm Host x6  
  119  7:22  Swarm Host x2  
  142  7:27  Swarm Host x2  
  143  7:31  Drone x3  
  143  7:33  Queen  
  148  7:38  Swarm Host x3  
  148  7:41  Queen  
  159  7:49  Spore Crawler  
  158  7:54  Drone x3  
  158  7:56  Overlord  
  159  8:01  Overlord  
  159  8:11  Overlord x3  
  159  8:15  Ravager x2  
  159  8:16  Spine Crawler x2  
  159  8:17  Roach x4  
  167  8:26  Queen x2  
  171  8:31  Hatchery  
  171  8:32  Roach x8  
  182  8:40  Roach x5  
  189  8:47  Swarm Host x3  
  198  8:50  Ravager  
  199  8:59  Zerg Ground Armor Level 2, Zerg Missile Weapons Level 2  
  199  9:02  Spine Crawler x2, Queen  
  198  9:08  Spore Crawler  
  198  9:09  Spore Crawler  
  197  9:10  Ravager x2  
  187  9:26  Roach x10  
  184  9:36  Spore Crawler  
  184  9:37  Ravager x5  
  188  9:41  Spore Crawler, Hive  
  188  9:44  Roach x5  
  197  9:45  Queen  
  197  9:51  Overseer  
  193  9:54  Overlord  
  192  10:11  Roach  
  192  10:12  Roach x3  
  194  10:15  Roach  
  194  10:16  Roach x4  
  194  10:18  Ravager  
  193  10:37  Ravager x6  
  193  10:39  Drone  
  193  10:40  Drone x2, Spine Crawler  
  198  10:43  Spine Crawler  
  198  10:44  Spore Crawler, Extractor  
  198  10:45  Extractor  
  190  10:57  Roach x3  
  190  11:00  Roach x4  
  190  11:01  Roach x4  
  192  11:04  Ravager  
  192  11:08  Overlord  
  189  11:11  Roach  
  189  11:12  Roach x3  
  197  11:36  Swarm Host  
  191  11:42  Swarm Host x2  
  197  11:51  Overseer x2  
  193  11:55  Hydralisk Den  
  189  12:01  Ravager  
  189  12:02  Roach x5  
  194  12:27  Roach x8  
  196  12:30  Queen  
  196  12:32  Hydralisk x5  
  196  12:34  Muscular Augments  
  189  12:37  Hydralisk x8  
  189  12:38  Viper  
  189  12:39  Overseer x3  
  189  12:43  Hydralisk  
  199  12:48  Hydralisk x3  
  194  12:53  Hydralisk x4  
  194  12:56  Hydralisk x2  
  184  13:01  Hydralisk x3  
  184  13:05  Hydralisk  
  174  13:15  Hydralisk  
  174  13:19  Hydralisk x3  
  158  13:22  Overlord  
  153  13:31  Overlord  
  132  13:44  Overlord  
  132  13:48  Roach Warren  
  123  13:52  Hydralisk x2  
  116  13:58  Overlord  
  116  14:01  Overlord x2  
  116  14:02  Swarm Host x2  
Show
View Real Time Build Order
Export as new Build Order

llllllllllll Terran - Winner!

Build Orders: Gas First Reaper Expand, Hellion Banshee, Mech 

Get SALT Encoding   

  12  0:00  SCV  
  13  0:12  SCV  
  14  0:19  Supply Depot  
  14  0:25  SCV  
  14  0:27  Refinery  
  15  0:40  SCV  
  16  0:45  Barracks  
  16  0:52  SCV  
  17  1:04  SCV  
  18  1:17  SCV  
  19  1:31  Orbital Command  
  19  1:32  Reaper  
  20  1:42  Command Center  
  20  1:54  Factory  
  20  1:58  SCV  
  21  2:05  Barracks Reactor  
  21  2:10  SCV  
  21  2:12  Supply Depot  
  23  2:22  SCV  
  23  2:34  SCV  
  24  2:44  Starport  
  24  2:47  SCV  
  24  2:48  Hellion x2  
  29  2:54  Orbital Command  
  29  2:59  SCV  
  30  3:10  Hellion x2  
  30  3:11  SCV  
  35  3:20  Starport Tech Lab  
  35  3:22  SCV  
  35  3:26  SCV  
  37  3:31  Command Center  
  37  3:37  SCV  
  37  3:38  Supply Depot, SCV  
  39  3:42  Banshee  
  42  3:49  Refinery  
  42  3:50  SCV x2  
  42  3:51  Refinery  
  39  4:03  SCV x2  
  39  4:04  Hellion x2  
  45  4:15  SCV x2  
  43  4:25  Hellion x2, Viking  
  43  4:27  SCV x2  
  43  4:29  Cloaking Field  
  51  4:37  Refinery  
  51  4:39  SCV x2  
  51  4:43  Orbital Command  
  53  4:46  Hellion x2  
  53  4:50  Armory  
  53  4:51  SCV x2  
  59  4:53  Armory  
  59  5:01  Banshee, Orbital Command  
  59  5:03  SCV x2  
  68  5:15  SCV  
  68  5:17  SCV  
  66  5:22  Supply Depot x2  
  66  5:28  SCV  
  67  5:29  Factory  
  67  5:30  Factory, SCV  
  67  5:31  SCV  
  67  5:33  Refinery  
  67  5:35  Refinery  
  69  5:42  Terran Vehicle Weapons Level 1, Terran Vehicle And Ship Armor Level 1  
  69  5:43  Hellion x2, SCV x3  
  76  5:54  Supply Depot, Banshee  
  76  5:55  SCV x3  
  82  6:03  Supply Depot  
  82  6:04  Supply Depot x2  
  82  6:07  SCV x3  
  85  6:16  Hellion x2  
  89  6:19  SCV  
  89  6:20  Factory Tech Lab  
  89  6:21  Factory Tech Lab  
  89  6:23  SCV x2  
  92  6:32  SCV  
  93  6:35  Supply Depot, SCV x2  
  93  6:38  Banshee, Hellion x2  
  102  6:42  Siege Tank  
  102  6:44  SCV  
  102  6:45  Thor  
  112  6:50  SCV x2  
  112  6:51  Supply Depot  
  114  6:57  Factory  
  114  7:00  Factory  
  114  7:01  Infernal Pre-Igniter  
  114  7:03  SCV x2  
  114  7:04  SCV  
  117  7:21  Hellion x2  
  116  7:24  SCV x2  
  116  7:25  Banshee  
  116  7:28  Siege Tank x2  
  127  7:34  Command Center  
  127  7:38  Supply Depot x3, Terran Vehicle Weapons Level 2  
  127  7:39  Terran Vehicle And Ship Armor Level 2  
  127  7:45  Hellion x2, Factory Tech Lab  
  127  7:46  Factory Reactor  
  121  8:02  Siege Tank x2  
  121  8:03  Smart Servos  
  127  8:07  Hellion x2  
  127  8:10  Factory x2  
  131  8:14  Supply Depot x2  
  131  8:15  Supply Depot  
  131  8:21  Engineering Bay  
  131  8:30  Hellion x2, Siege Tank  
  138  8:34  Siege Tank  
  138  8:37  Hellion, Siege Tank  
  138  8:40  Hellion  
  139  8:41  Hellion x9  
  139  8:49  Orbital Command  
  139  8:52  Hellion  
  139  8:53  Missile Turret  
  139  8:54  Missile Turret  
  139  8:55  Missile Turret  
  141  8:56  Factory Reactor, Factory Tech Lab  
  141  8:59  Mag-Field Accelerator  
  141  9:02  Siege Tank  
  144  9:07  Banshee  
  147  9:10  Thor  
  148  9:25  Thor  
  133  9:32  Hellion  
  133  9:33  Hellion x3, Siege Tank  
  133  9:35  Missile Turret  
  133  9:36  Hellion  
  133  9:37  Orbital Command  
  146  9:50  Cyclone, Hellion  
  151  9:53  Cyclone  
  151  9:54  Hellion x2  
  151  9:55  Hellion x2  
  162  10:03  Terran Vehicle Weapons Level 3  
  162  10:08  Hellion x2  
  155  10:14  Thor  
  155  10:16  Hellion  
  155  10:17  Hellion  
  155  10:19  Hellion  
  162  10:24  Hellion, Siege Tank  
  162  10:25  Hellion  
  169  10:36  Siege Tank x2  
  169  10:38  Hellion x2  
  169  10:40  SCV x3  
  182  10:47  Hellion  
  182  10:48  Hellion x3  
  190  10:51  Terran Vehicle And Ship Armor Level 3  
  190  10:56  Hellion  
  192  10:59  Siege Tank  
  192  11:00  Hellion x2  
  181  11:08  Hellion x2  
  181  11:10  Hellion x4  
  189  11:18  Siege Tank  
  192  11:19  Banshee  
  192  11:24  Supply Depot, Orbital Command  
  192  11:25  Orbital Command  
  195  11:43  Hellion  
  195  11:45  Hellion  
  196  11:50  Refinery  
  196  12:17  Hellion x2  
  196  12:22  Cyclone  
  200  12:26  Hellion, SCV  
  200  12:27  Cyclone  
  200  12:28  Hellion, Thor  
  200  12:30  Orbital Command  
  200  12:34  Hellion x3  
  192  12:38  Hellion x2  
  196  12:47  Hellion  
  196  12:49  Hellion  
  200  12:55  Hellion x2  
  200  12:56  Orbital Command  
  200  12:57  Hellion  
  200  12:58  Hellion  
  200  12:59  Hellion  
  200  13:00  Hellion  
  200  13:03  Hellion  
  194  13:09  Hellion  
  194  13:10  Hellion  
  194  13:11  Hellion  
  196  13:17  Hellion x2  
  196  13:18  Thor  
  196  13:19  Thor  
  196  13:21  Hellion x2  
  196  13:24  Thor  
  193  13:30  Hellion  
  193  13:32  Hellion x2  
  193  13:38  Hellion x2  
  195  13:42  Hellion  
  195  13:43  Hellion  
  199  13:58  Hellion  
  197  14:03  Hellion  
Tags
 
Add a new tag
Caveats
  • Supply blocks, unpowered buildings, or Contaminate may cause inaccurate times.
  • Supply counts are checked every 10 seconds.